 Dungeon Crawl Stone Soup version 0.26.0-9-gab577f9fc5 (webtiles) character file.

Game seed: 7908428426944052395

30 Froggeryz the Ruffian (level 3, 0/31 HPs)
             Began as a Naga Transmuter on Jan 13, 2021.
             Slain by a rat (2 damage)
             ... on level 2 of the Dungeon.
             The game lasted 00:01:15 (1469 turns).

Froggeryz the Ruffian (Naga Transmuter)             Turns: 1469, Time: 00:01:15

Health: 0/31       AC:  3    Str: 12    XL:     3   Next: 20%
Magic:  6/6        EV:  8    Int: 14    God:
Gold:   48         SH:  0    Dex: 11    Spells: 5/6 levels left

rFire    . . .     SeeInvis +     - Unarmed
rCold    . . .     Faith    .   (no shield)
rNeg     . . .     Spirit   .   c - +0 ring mail (curse)
rPois    +         Reflect  .   (helmet currently unavailable)
rElec    .         Harm     .   (no cloak)
rCorr    .         Rampage  .   (no gloves)
Will     .....                  (no barding)
Stlth    +.........             (no amulet)
HPRegen  0.10/turn              (no ring)
MPRegen  0.10/turn              (no ring)

@: appendages (expiring), very slow
A: large, horns 2, see invisible, deformed body, poison resistance, slowness 2,
spit poison 1, AC +1
a: Spit Poison, End Transformation


You were on level 2 of the Dungeon.
You had grown temporary horns.
You visited 1 branch of the dungeon, and saw 2 of its levels.

You collected 48 gold pieces.

Inventory:

Armour
 c - a cursed +0 ring mail (worn)
Scrolls
 d - a scroll of identify {unknown}
Potions
 a - 2 potions of curing {unknown}
 b - a potion of lignification {unknown}


   Skills:
 - Level 1.0 Fighting
 - Level 1.5 Dodging
 * Level 3.9 Unarmed Combat
 - Level 2.0 Spellcasting
 + Level 2.5 Transmutations


You had 5 spell levels left.
You knew the following spells:

 Your Spells              Type           Power        Failure   Level
a - Beastly Appendage     Tmut           16%          19%         1

Your spell library contained the following spells:

 Spells                   Type           Power        Failure   Level
 Wereblood                Tmut           8%           28%         2
 Spider Form              Tmut/Pois      2%           67%         3
 Ice Form                 Ice/Tmut       4%           97%         4
 Blade Hands              Tmut           4%           99%         5


Dungeon Overview and Level Annotations

Branches:
Dungeon (2/15)

Altars:


Innate Abilities, Weirdness & Mutations

You cannot wear boots.
Your serpentine skin is tough. (AC +1)
You have supernaturally acute eyesight. (SInv)
Armour fits poorly on your strangely shaped body.
Your system is resistant to poisons. (rPois)
You cover ground very slowly.
You can spit poison.
You have a pair of horns on your head.


Message History

The gnoll is lightly wounded.
The gnoll hits you. The rat closely misses you. The gnoll hits you!
Your transformation is almost over.
The gnoll hits you. x2
* * * LOW HITPOINT WARNING * * *
The rat bites you but does no damage.
The gnoll looks more healthy.
You have got your breath back.
The rat barely misses you.
A rat comes into view.
The rat barely misses you.
You hit the rat.
The rat is moderately wounded.
The rat closely misses you. The gnoll misses you.
The gnoll hits you with a +0 club.
* * * LOW HITPOINT WARNING * * *
The gnoll hits you from afar with a +0 spear.
* * * LOW HITPOINT WARNING * * *
The rat bites you.
You die...

# ######.. #.......
#..g.... #.......
######.......
##############............
.........ggg..............
##########@rg...########...
......###r.###### ..
..........## . .......<###
...............
........####### .........
......... ..........


You could see 4 gnolls and 2 rats.

Vanquished Creatures
  An ooze (D:1)
  A leopard gecko (D:1)
  2 bats (D:1)
  4 goblins (D:1)
  8 hobgoblins (D:1)
  A frilled lizard (D:1)
  2 kobolds (D:1)
  3 rats (D:1)
22 creatures vanquished.

Notes
Turn   | Place    | Note
-------+----------+-------------------------------------------
     0 | D:1      | Froggeryz the Naga Transmuter began the quest for the Orb.
     0 | D:1      | Reached XP level 1. HP: 18/18 MP: 3/3
   436 | D:1      | Reached XP level 2. HP: 19/25 MP: 1/5
   906 | D:1      | Reached XP level 3. HP: 24/31 MP: 4/6
  1469 | D:2      | Slain by a rat

Illustrated notes

Levels and vault maps discovered:
D:1:      tarquinn_simple_flora_water_b, layout_loops_ring,
          amcnicky_mini_corridor_feature, minmay_misc_feat_iff
D:2:      layout_rooms, chequers_ecumenical_altar_simple_redux

Action                   || total
-------------------------++-------
Melee: Unarmed           ||    71
       Headbutt          ||     1
 Cast: Beastly Appendage ||     4
 Abil: Spit Poison       ||     8
 Stab: Sleeping          ||     1
Armor: Robe              ||     4
       Ring mail         ||    15
Dodge: Dodged            ||    33
